AoeStats
← elhijochiquito

Nomad

509609599Analyzed
4v4 RM · 5d ago on Sep 27, 2026· 65m 15s· 8 players
Game mode
Random Map
Map size
231×231
Population
200
Speed
Normal
Resources
Standard
Victory
Conquest
Starting age
Dark Age
Ending age
Imperial Age
RankedLock teamsTeams togetherTeam positionsShared explorationLock speedFull tech treeHidden civsTurbo modeCheats
Victory
Defeat
🇹🇼 Japanese · Taiwan
1116
+15
🇩🇪 Vikings · Germany
1105
+16
🇹🇼 Japanese · Taiwan
1088
+17
🇺🇸 Persians · United States
1078
+17
🇦🇺 Vietnamese · Australia
1157
-18
🇦🇷 Khmer · Argentina
1123
-17
🇦🇺 Sicilians · Australia
1115
-17
🇨🇳 Hindustanis · China
1017
-13
mark_aoe_2024
6:15 Loom
12:46 Feudal Age
13:27 Double-Bit Axe
19:07 Castle Age
17:05 Fletching
17:29 Gold Mining
17:18 Man-at-Arms
18:26 Horse Collar
19:13 Scale Mail Armor
22:31 Bow Saw
23:12 Fishing Lines
29:18 Bodkin Arrow
30:07 Wheelbarrow
31:51 Hand Cart
33:59 Bloodlines
33:50 Husbandry
37:00 Ballistics
37:39 Masonry
37:55 Heavy Plow
42:28 Imperial Age
40:45 Murder Holes
41:27 Pikeman
42:08 Squires
42:08 Halberdier
43:29 Hoardings
46:01 Chemistry
45:32 Architecture
46:21 Conscription
46:24 Cavalier
48:03 Scale Barding Armor
48:10 Forging
49:03 Citadels
49:02 Savar
52:46 Two-Man Saw
53:32 Chain Barding Armor
56:50 Light Cavalry
57:48 Hussar
58:36 Kamandaran
61:53 Plate Barding Armor
64:49 Iron Casting
66:33 Blast Furnace
Juda
5:21 Loom
15:06 Feudal Age
19:15 Castle Age
17:33 Double-Bit Axe
18:52 Forging
21:05 Medium Warships
21:11 Bow Saw
21:36 Horse Collar
25:49 Fletching
28:40 Padded Archer Armor
30:37 Crossbowman
31:13 Town Watch
35:26 Imperial Age
33:11 Heavy Plow
33:27 Bodkin Arrow
34:07 Leather Archer Armor
36:16 Bracer
36:43 Conscription
36:25 Bogsveigar
36:26 Fishing Lines
36:31 Arbalester
38:30 Crop Rotation
39:15 Two-Man Saw
40:02 Chemistry
39:18 Chieftains
39:45 Ballistics
39:59 Ring Archer Armor
38:54 Elite Skirmisher
40:44 Gold Mining
41:02 Scale Barding Armor
41:09 Masonry
40:57 Murder Holes
43:12 Stone Mining
43:54 Architecture
44:05 Gold Shaft Mining
44:06 Town Patrol
44:43 Treadmill Crane
44:52 Man-at-Arms
45:59 Fortified Wall
46:06 Clinker Construction
45:46 Pikeman
45:56 Elite Varangian Guard
47:51 Squires
52:31 Gillnets
54:15 Scale Mail Armor
54:51 Iron Casting
54:10 Arson
55:12 Chain Mail Armor
55:36 Chieftains
57:34 Blast Furnace
57:37 Plate Mail Armor
59:34 Hoardings
一杯冰美式
4:21 Loom
5:03 Loom
14:53 Feudal Age
15:51 Town Watch
15:54 Double-Bit Axe
19:44 Castle Age
17:43 Fishing Lines
19:12 Gold Mining
21:23 Gold Shaft Mining
20:49 Gillnets
23:47 Wheelbarrow
24:28 Forging
24:18 Scale Mail Armor
25:44 Iron Casting
26:55 Chain Mail Armor
26:43 Squires
26:29 Arson
33:33 Imperial Age
32:20 Bow Saw
36:02 Conscription
35:03 Elite Samurai
36:46 Blast Furnace
36:17 Plate Mail Armor
38:19 Hand Cart
38:08 Town Patrol
53:33 Two-Man Saw
last stardust
3:35 Loom
13:59 Feudal Age
14:36 Town Watch
16:55 Double-Bit Axe
22:27 Castle Age
20:58 Stone Mining
20:58 Gold Mining
21:54 Gold Mining
24:07 Scale Mail Armor
24:17 Forging
25:18 Fishing Lines
27:26 Bow Saw
32:50 Wheelbarrow
33:01 Horse Collar
33:44 Chain Mail Armor
33:39 Forging
34:17 Gillnets
35:57 Fletching
36:07 Padded Archer Armor
39:57 Imperial Age
38:01 Ballistics
38:58 Bloodlines
38:48 Husbandry
41:37 Conscription
41:46 Parthian Tactics
42:03 Heavy Plow
42:53 Forging
43:13 Plate Mail Armor
44:40 Iron Casting
43:29 Pikeman
44:10 Squires
43:55 Arson
44:55 Halberdier
47:39 Blast Furnace
49:54 Two-Man Saw
50:33 Chemistry
50:57 Elite Samurai
54:22 Gillnets
55:08 Bodkin Arrow
55:28 Leather Archer Armor
60:46 Kataparuto
61:38 Hand Cart
Maxi24875
14:20 Feudal Age
13:57 Loom
17:34 Castle Age
17:53 Wheelbarrow
23:38 Double-Bit Axe
23:47 Horse Collar
28:43 Heavy Plow
31:14 Scale Barding Armor
31:53 Hand Cart
31:54 Bow Saw
36:06 Imperial Age
34:34 Forging
34:44 Chain Barding Armor
34:45 Stone Mining
34:45 Gold Mining
36:05 Iron Casting
36:22 Fletching
36:52 Masonry
36:44 Town Watch
37:35 Ballistics
38:18 Gold Shaft Mining
38:18 Stone Shaft Mining
37:27 Elite Ballista Elephant
38:08 Double Crossbow
38:16 Siege Engineers
38:32 Town Patrol
39:58 Chemistry
39:47 Conscription
40:09 Plate Barding Armor
40:35 Blast Furnace
40:20 Bloodlines
39:48 Elite Battle Elephant
41:05 Husbandry
41:49 Crop Rotation
42:57 Hoardings
45:16 Tusk Swords
47:33 Architecture
47:00 Murder Holes
47:02 Bodkin Arrow
46:36 Light Cavalry
47:28 Hussar
48:28 Heavy Scorpion
50:51 Bracer
55:21 Fortified Wall
59:46 Sappers
MegaPanda
4:54 Loom
13:24 Feudal Age
18:53 Castle Age
22:16 Scale Barding Armor
22:21 Forging
26:31 Scale Mail Armor
28:08 Fletching
TaiwanIsChina's
8:27 Loom
17:09 Feudal Age
17:44 Double-Bit Axe
23:42 Castle Age
23:15 Bloodlines
23:45 Scale Barding Armor
23:59 Horse Collar
24:49 Bow Saw
25:48 Town Watch
30:13 Wheelbarrow
30:18 Town Patrol
32:58 Hand Cart
33:47 Heavy Plow
38:02 Imperial Age
35:44 Husbandry
36:56 Gold Mining
37:09 Grand Trunk Road
38:14 Chain Barding Armor
38:05 Forging
38:38 Heavy Camel Rider
40:00 Plate Barding Armor
40:48 Gold Shaft Mining
41:01 Conscription
41:58 Hoardings
42:28 Chemistry
43:30 Two-Man Saw
43:08 Elite Ghulam
44:15 Scale Mail Armor
44:50 Iron Casting
44:11 Imperial Camel Rider
45:58 Ballistics
45:34 Murder Holes
45:50 Masonry
47:11 Chain Mail Armor
47:57 Blast Furnace
50:38 Siege Engineers
51:05 Coinage
50:28 Fletching
55:25 Shatagni
55:31 Squires
55:27 Stone Mining
57:36 Bodkin Arrow
57:41 Padded Archer Armor
60:24 Bracer
60:39 Leather Archer Armor
60:58 Caravan
elhijochiquito
6:28 Loom
13:32 Feudal Age
14:04 Double-Bit Axe
16:33 Horse Collar
21:20 Castle Age
19:39 Gold Mining
19:39 Stone Mining
21:29 Wheelbarrow
21:11 Fletching
22:30 Bow Saw
25:37 Bodkin Arrow
26:25 Crossbowman
27:30 Town Watch
28:04 Padded Archer Armor
29:10 Ballistics
29:17 Stone Mining
30:29 Murder Holes
30:16 Treadmill Crane
31:19 Stone Shaft Mining
35:17 Imperial Age
34:25 Hand Cart
35:15 Town Patrol
36:54 Thumb Ring
37:25 Fortified Wall
50:09 Two-Man Saw
50:16 Fishing Lines
53:54 Scale Mail Armor
54:04 Forging
54:35 Squires
55:37 Chain Mail Armor
59:10 Arbalester
Connection lost

Rejoining the realm…

Still unreachable

The connection could not be restored.

Session expired

The server has moved on; the page needs a fresh start.